AoeStats
← Tomtom

Arabia

505490308Analyzed
2v2 RM · 23d ago on Sep 9, 2026· 21m 0s· 4 players
Game mode
Random Map
Map size
Medium (4 player)
Population
200
Speed
Normal
Resources
Standard
Victory
Conquest
Starting age
Dark Age
Ending age
Imperial Age
RankedLock teamsTeams togetherTeam positionsShared explorationLock speedFull tech treeHidden civsTurbo modeCheats
Victory
Defeat
🇫🇷 Romans · France
868
+12
🇫🇷 Ethiopians · France
765
+17
🇵🇱 Franks · Poland
826
-16
🇵🇱 Vietnamese · Poland
737
-13
reverend
6:48 Loom
9:50 Feudal Age
10:37 Double-Bit Axe
17:14 Forging
Adiko95
0:50 Loom
12:51 Feudal Age
14:11 Wheelbarrow
13:43 Horse Collar
13:53 Double-Bit Axe
15:59 Man-at-Arms
Largeaumatique3000
10:31 Feudal Age
11:05 Man-at-Arms
12:23 Horse Collar
12:39 Double-Bit Axe
13:40 Scale Mail Armor
13:51 Forging
Tomtom
11:08 Feudal Age
9:24 Loom
12:44 Double-Bit Axe
15:36 Fletching
15:47 Padded Archer Armor
Connection lost

Rejoining the realm…

Still unreachable

The connection could not be restored.

Session expired

The server has moved on; the page needs a fresh start.